 Dungeon Sprint DCSS version 0.25.1-2-g60ff931df9 (webtiles) character file.

Game seed: 11575309269508887426

4780 Cadaver the Fencer (level 10, 0/82 HPs)
             Began as a Human Gladiator on Nov 6, 2020.
             Was an Elder of Okawaru.
             Slain by a ghost moth (23 damage)
             ... called by a spriggan druid
             ... in the Dungeon (Sprint VII: "The Pits").
             The game lasted 00:09:53 (2331 turns).

Cadaver the Fencer (Human Gladiator)                Turns: 2331, Time: 00:09:53

Health: 0/82       AC: 18    Str: 15    XL:     10   Next: 75%
Magic:  0/13       EV: 20    Int: 10    God:    Okawaru [****..]
Gold:   0          SH:  0    Dex: 16    Spells: 9/9 levels left

rFire    . . .     SeeInvis .   u - +2 scimitar (flame)
rCold    . . .     Gourm    .   (no shield)
rNeg     . . .     Faith    .   y - +5 ring mail
rPois    .         Spirit   .   c - +0 helmet
rElec    .         Reflect  .   A - +0 cloak
rCorr    .         Harm     .   (no gloves)
MR       .....     NoTele   +   B - +0 pair of boots
Stlth    +++.......             (no amulet)
HPRegen  0.23/turn              (no ring)
MPRegen  0.13/turn              (no ring)

@: heroism
A: no striking features
a: Heroism, Renounce Religion


You were in the Dungeon.
You worshipped Okawaru.
Okawaru was greatly pleased with you.
You were hungry.

You visited 1 branch

Inventory:

Hand Weapons
 a - a +0 long sword
 m - a +2 falchion
 u - a +2 scimitar of flaming (weapon)
 v - a +2 long sword of flaming
Missiles
 b - 3 javelins (quivered)
 d - 2 throwing nets
 s - 16 stones
 C - 8 boomerangs
Armour
 c - a +0 helmet (worn)
 y - a +5 ring mail (worn)
 A - a +0 cloak (worn)
 B - a +0 pair of boots (worn)
Magical Staves
 t - an uncursed staff of energy
Jewellery
 j - a +3 ring of protection
 l - a +3 ring of protection
Scrolls
 k - a scroll of blinking
 o - 3 scrolls of remove curse
 p - 5 scrolls of amnesia
 q - a scroll of summoning
 r - 2 scrolls of vulnerability
Potions
 e - 5 potions of curing
 g - 9 potions of heal wounds
 h - a potion of haste
 i - 4 potions of magic
 n - 2 potions of invisibility
 w - 2 potions of stabbing
 x - a potion of might
 z - a potion of resistance
Comestibles
 f - 9 rations


   Skills:
 + Level 8.8(13.8) Fighting
 * Level 17.5(22.5) Long Blades
 + Level 4.0(9.0) Throwing
 + Level 9.7(14.7) Armour
 + Level 8.4(13.4) Dodging
 - Level 1.0(6.0) Stealth
 + Level 4.3 Invocations


You had 9 spell levels left.
You didn't know any spells.
Your spell library was empty.

Dungeon Overview and Level Annotations

Branches:
Dungeon (1/1)

Altars:
Ashenzari
Cheibriados
Dithmenos
Elyvilon
Fedhas
Gozag
Hepliaklqana
Kikubaaqudgha
Makhleb
Nemelex Xobeh
Okawaru
Qazlal
Ru
Sif Muna
Trog
Uskayaw
Vehumet
Wu Jian
Xom
Yredelemnul
Zin
The Shining One
Beogh
Jiyva
Lugonu


Message History

The eight-headed hydra completely misses you.
The eight-headed hydra closely misses you. x3
The eight-headed hydra barely misses you.
The eight-headed hydra misses you. The eight-headed hydra bites you!
You feel you are being watched by something.
You feel your power leaking away. Something hits you!
Deactivating autopickup; reactivate with Ctrl-A.
Something hits you!
* * * LOW HITPOINT WARNING * * *
Something stings you.
* * * LOW HITPOINT WARNING * * *
Unknown command.
You chop one of the eight-headed hydra's heads off!
The flame cauterises the wound!
You slash the seven-headed hydra! You burn the seven-headed hydra.
The seven-headed hydra is heavily wounded.
You feel you are being watched by something.
Something hits you!!
You die...

'#####......#..#......#
.#[.##................#
.#).#####'#####''######
##))##.......##''##############
.#))##.......##......#.l.'....#
.#.[##.......##....###...###...#
.#'###...<...##...##.'...'.# .
....##.......##..##..##'##..##
....##.......##.@#.i##...##..+
######.......##D)#..#.....#..#.
##..###########..'..'.....'..'.
.#.############..#..#.....#..#.
##.#....#...[##..#..##...##..'.
.#†#....#..[.##..##..##'##..##.
##.'....'..))##...##.'...'.#
.#'#....#..))##....###..)###...
.'.#....#...)##......#...'....#


You could see a seven-headed hydra (strong).

Vanquished Creatures
  An anaconda (D)
  A spriggan druid (D)
  A swamp dragon (D)
  A smoke demon (D)
  A kobold demonologist (D)
  A demonic crawler (D)
  A guardian mummy (D)
  A tyrant leech (D)
  A flying skull (D)
  2 tarantellas (D)
  2 wyverns (D)
  Menkaure (D)
  A water moccasin (D)
  A porcupine (D)
  A sky beast (D)
  A necrophage (D)
  A centaur (D)
  A crocodile (D)
  4 big kobolds (D)
  A small abomination (D)
  2 crimson imps (D)
  A river rat (D)
  An ufetubus (D)
  2 oozes (D)
  A leopard gecko (D)
  An orc (D)
  A bat (D)
  A giant cockroach (D)
  2 goblins (D)
  A hobgoblin (D)
  2 jackals (D)
  A ball python (D)
  A ball python skeleton (D)
  A frilled lizard (D)
  3 kobolds (D)
  A rat (D)
47 creatures vanquished.

Vanquished Creatures (others)
  A sky beast (D)
1 creature vanquished.

Grand Total: 48 creatures vanquished

Notes
Turn   | Place    | Note
-------+----------+-------------------------------------------
     0 | D        | Cadaver the Human Gladiator began the quest for the Orb.
     0 | D        | Reached XP level 1. HP: 16/16 MP: 1/1
    51 | D        | Found a bloodstained altar of Trog.
    51 | D        | Found a shimmering blue altar of Sif Muna.
    51 | D        | Found a viscous altar of Jiyva.
    51 | D        | Found a hazy altar of Hepliaklqana.
    51 | D        | Found an opulent altar of Gozag.
    52 | D        | Found a glowing golden altar of the Shining One.
    52 | D        | Found a glowing silver altar of Zin.
    52 | D        | Found a basalt altar of Yredelemnul.
    52 | D        | Found a shimmering altar of Xom.
    52 | D        | Found an ornate altar of the Wu Jian Council.
    52 | D        | Found a sacrificial altar of Ru.
    52 | D        | Found a stormy altar of Qazlal.
    52 | D        | Found an iron altar of Okawaru.
    52 | D        | Found a sparkling altar of Nemelex Xobeh.
    52 | D        | Found a burning altar of Makhleb.
    52 | D        | Found a blossoming altar of Fedhas.
    52 | D        | Found a white marble altar of Elyvilon.
    52 | D        | Found a shadowy altar of Dithmenos.
    52 | D        | Found a snail-covered altar of Cheibriados.
    53 | D        | Found a radiant altar of Vehumet.
    53 | D        | Found a corrupted altar of Lugonu.
    53 | D        | Found a roughly hewn altar of Beogh.
    54 | D        | Found an ancient bone altar of Kikubaaqudgha.
    54 | D        | Found a hide-covered altar of Uskayaw.
    54 | D        | Found a shattered altar of Ashenzari.
    58 | D        | Became a worshipper of Warmaster Okawaru
    90 | D        | Reached skill level 4 in Long Blades
    90 | D        | Reached XP level 2. HP: 4/22 MP: 2/2
   347 | D        | Reached skill level 5 in Long Blades
   356 | D        | Reached skill level 1 in Armour
   356 | D        | Reached skill level 1 in Stealth
   356 | D        | Reached XP level 3. HP: 8/28 MP: 3/3
   697 | D        | Noticed a centaur
   712 | D        | Killed a centaur
   712 | D        | Reached * piety under Okawaru
   712 | D        | Reached skill level 7 in Long Blades
   712 | D        | Reached XP level 4. HP: 17/35 MP: 4/4
   712 | D        | Reached XP level 5. HP: 20/41 MP: 5/5
   754 | D        | Noticed a water moccasin
   882 | D        | Noticed a big kobold
   890 | D        | Killed a big kobold
   890 | D        | Reached skill level 9 in Long Blades
   893 | D        | Killed a water moccasin
   893 | D        | Reached skill level 10 in Long Blades
   893 | D        | Reached skill level 5 in Armour
   893 | D        | Reached skill level 5 in Dodging
   893 | D        | Reached XP level 6. HP: 48/48 MP: 4/6
   949 | D        | Noticed a wyvern
   957 | D        | Killed a wyvern
   957 | D        | Reached skill level 11 in Long Blades
   957 | D        | Reached XP level 7. HP: 43/55 MP: 4/7
  1023 | D        | Noticed a flying skull
  1026 | D        | Reached ** piety under Okawaru
  1041 | D        | Killed a flying skull
  1041 | D        | Reached skill level 5 in Fighting
  1041 | D        | Reached skill level 12 in Long Blades
  1041 | D        | Reached skill level 1 in Invocations
  1041 | D        | Reached XP level 8. HP: 62/62 MP: 8/8
  1073 | D        | Noticed a swamp dragon
  1082 | D        | Noticed Menkaure
  1088 | D        | Killed a swamp dragon
  1088 | D        | Reached *** piety under Okawaru
  1088 | D        | Reached skill level 14 in Long Blades
  1091 | D        | Killed Menkaure
  1091 | D        | Reached XP level 9. HP: 66/69 MP: 7/10
  1457 | D        | Noticed a demonic crawler
  1460 | D        | Noticed an anaconda
  1492 | D        | Killed an anaconda
  1492 | D        | Received a gift from Okawaru
  1492 | D        | Reached skill level 15 in Long Blades
  1497 | D        | Killed a demonic crawler
  1711 | D        | Reached skill level 16 in Long Blades
  1721 | D        | Reached **** piety under Okawaru
  1736 | D        | Noticed a tyrant leech
  1752 | D        | Killed a tyrant leech
  1752 | D        | Reached XP level 10. HP: 63/79 MP: 9/12
  2018 | D        | Noticed a kobold demonologist
  2027 | D        | Noticed a smoke demon
  2080 | D        | Killed a smoke demon
  2080 | D        | Received a gift from Okawaru
  2091 | D        | Killed a kobold demonologist
  2095 | D        | Reached skill level 17 in Long Blades
  2308 | D        | Noticed a spriggan druid
  2324 | D        | Noticed an eight-headed hydra
  2330 | D        | Killed a spriggan druid
  2331 | D        | Slain by a ghost moth

Illustrated notes

Levels and vault maps discovered:
D:        pitsprint [storerooms_1, entrance_room_1, metal_vault_6, armoury_1,
          mini_pit_1, grid_room_1, main_hall_1, silver_pit, the_coven_2,
          the_vestibule_1, steel_vault_3, golden_pit, hallway_of_sentries,
          crystal_vault_1, iron_vault_4, final_vault]

Skill      XL: |  1  2  3  4  5  6  7  8  9 10 |
---------------+-------------------------------+-----
Long Blades    | 4 5 7 10 11 12 14 16 17 | 17.5
Armour         | 1 3 5 6 7 9 |  9.7
Stealth        | 1 |  1.0
Fighting       | 3 4 5 7 8 |  8.8
Dodging        | 4 5 6 7 8 |  8.4
Throwing       | 3 4 |  4.0
Invocations    | 1 3 4 |  4.3

Action                   |  1- 3 |  4- 6 |  7- 9 | 10-12 || total
-------------------------+-------+-------+-------+-------++-------
Melee: Falchion          |    45 |       |       |       ||    45
       Long sword        |     5 |    14 |    24 |       ||    43
       Scimitar          |       |       |    28 |    64 ||    92
       Punch             |       |       |     1 |     2 ||     3
Throw: Throwing net      |     2 |       |       |       ||     2
       Javelin           |       |       |     3 |       ||     3
Invok: Heroism           |       |     2 |     5 |     5 ||    12
  Use: Potion            |       |     1 |     7 |       ||     8
 Stab: Held in net/web   |     2 |       |       |       ||     2
       Sleeping          |       |       |     1 |       ||     1
  Eat: Chunk             |       |       |     3 |     1 ||     4
Armor: Leather armour    |     7 |       |       |       ||     7
       Ring mail         |     5 |       |    20 |    16 ||    41
Dodge: Dodged            |    32 |    11 |    46 |    62 ||   151
       Rpst.: Falchion   |     5 |       |       |       ||     5
       Long sword        |       |     7 |     5 |       ||    12
       Scimitar          |       |       |     8 |    17 ||    25
